 Dungeon Crawl Stone Soup version 0.22-b1-59-g0aedee7 (webtiles) character file.

280 Lew the Chopper (level 6, 0/55 HPs)
             Began as a Hill Orc Fighter on Aug 9, 2018.
             Succumbed to an orc wizard's poison
             ... on level 4 of the Dungeon.
             The game lasted 00:06:06 (2443 turns).

Lew the Chopper (Hill Orc Fighter)                  Turns: 2443, Time: 00:06:06

Health: 0/55       AC: 12    Str: 26    XL:     6   Next: 27%
Magic:  6/6        EV:  5    Int:  8    God:
Gold:   134        SH: 11    Dex: 10    Spells: 5/5 levels left

rFire    . . .     SeeInvis .   a - +1 war axe
rCold    . . .     Gourm    .   c - +1 shield
rNeg     . . .     Faith    .   i - +0 plate armour
rPois    .         Spirit   .   (no helmet)
rElec    .         Reflect  .   (no cloak)
rCorr    .         Harm     .   (no gloves)
MR       .....                  (no boots)
Stlth    ..........             (no amulet)
HPRegen  0.18/turn              (no ring)
MPRegen  0.10/turn              (no ring)

@: mighty, lethally poisoned (0 -> -21), about to teleport
A: no striking features
a: no special abilities


You were on level 4 of the Dungeon.
You were not hungry.

You visited 1 branch of the dungeon, and saw 4 of its levels.

You collected 134 gold pieces.

Inventory:

Hand Weapons
 a - a +1 war axe (weapon)
Missiles
 g - 6 tomahawks (quivered)
Armour
 b - a +0 scale mail
 c - a +1 shield (worn)
 i - a +0 plate armour (worn)
Jewellery
 n - an uncursed ring of wizardry {unknown}
Wands
 h - a wand of paralysis (2)
Scrolls
 e - a scroll of immolation
 k - a scroll of enchant armour
 l - a scroll of fog {unknown}
 m - 2 scrolls of identify {unknown}
Comestibles
 f - 9 rations
 o - a chunk of flesh


   Skills:
 + Level 4.8 Fighting
 * Level 5.7 Axes
 + Level 4.4 Armour
 + Level 4.5 Shields


You had 5 spell levels left.
You didn't know any spells.
Your spell library was empty.

Dungeon Overview and Level Annotations

Branches:
Dungeon (4/15)
 Temple: D:4-7

Altars:
Dithmenos
Ru


Message History

You kill the orc!
* * * LOW HITPOINT WARNING * * *
You feel very sick.
You slice the orc!!
You kill the orc!
* * * LOW HITPOINT WARNING * * *
You feel very sick.
As you read the scroll labeled ROYBLYNYLI, it crumbles to dust.
The air around you briefly surges with heat, but it dissipates.
It was a scroll of immolation.
* * * LOW HITPOINT WARNING * * *
You feel sick.
As you read the scroll labeled GECSEHURAH, it crumbles to dust.
You feel strangely unstable.
It was a scroll of teleportation.
* * * LOW HITPOINT WARNING * * *
You feel sick.
As you read the scroll labeled POK NATOTEATZA, it crumbles to dust.
It is a scroll of enchant armour.
Your +0 shield glows green for a moment.
You die...

#.. ##.. ### ...
..# ..##.# . ..#.#
... #.#.#
.....###.#.#####..
......)@..%........
.....###.....###..#
... ##.......##.. .
#............
##.......##..#
##..........#
##..<####.. ##.## #
###


There were no monsters in sight!

Vanquished Creatures
  3 orc wizards
  Ijyb (D:2)
  Terence (D:3)
  3 gnolls (D:3)
  4 adders
  2 dart slugs
  4 worms
  3 leopard geckos
  4 orcs
  4 giant cockroaches
  11 goblins
  4 hobgoblins (D:2)
  A quokka (D:3)
  8 bats
  3 frilled lizards
  A jackal skeleton (D:4)
  5 kobolds
  9 rats
71 creatures vanquished.

Notes
Turn   | Place    | Note
-------+----------+-------------------------------------------
     0 | D:1      | Lew the Hill Orc Fighter began the quest for the Orb.
     0 | D:1      | Reached XP level 1. HP: 19/19 MP: 1/1
   157 | D:1      | Reached skill level 3 in Axes
   166 | D:1      | Reached XP level 2. HP: 19/27 MP: 2/2
   425 | D:2      | Reached XP level 3. HP: 33/33 MP: 3/3
   801 | D:2      | Reached skill level 4 in Axes
   801 | D:2      | Reached XP level 4. HP: 24/40 MP: 4/4
  1211 | D:2      | Noticed Ijyb
  1223 | D:2      | Paralysed by Ijyb for 6 turns
  1235 | D:2      | Paralysed by Ijyb for 7 turns
  1243 | D:2      | Paralysed by Ijyb for 2 turns
  1248 | D:2      | Killed Ijyb
  1455 | D:2      | Found a shadowy altar of Dithmenos.
  1455 | D:2      | Found a sacrificial altar of Ru.
  1611 | D:3      | Noticed Terence
  1617 | D:3      | Killed Terence
  1617 | D:3      | Reached XP level 5. HP: 44/47 MP: 5/5
  1746 | D:3      | Reached skill level 5 in Axes
  1841 | D:3      | Reached XP level 6. HP: 12/53 MP: 6/6
  2442 | D:4      | HP: 1/55 [poisoned by an orc wizard]
  2443 | D:4      | Succumbed to an orc wizard's poison

Skill      XL: |  1  2  3  4  5 |
---------------+----------------+-----
Axes           | 3 4 5 |  5.7
Fighting       | 4 |  4.8
Armour         | 4 |  4.4
Shields        | 4 |  4.5

Action                   |  1- 3 |  4- 6 || total
-------------------------+-------+-------++-------
Melee: War axe           |    94 |   159 ||   253
  Use: Potion            |     4 |     1 ||     5
       Scroll            |     3 |     3 ||     6
  Eat: Chunk             |       |     5 ||     5
Armor: Scale mail        |    32 |       ||    32
       Plate armour      |    27 |    97 ||   124
Dodge: Dodged            |    43 |    30 ||    73
Block: Shield            |    52 |    59 ||   111
